 Dungeon Crawl Stone Soup version 0.29-a0-914-g906f1d757c (webtiles) character file.

Game seed: 14527430059706380108

52495 Tiamon the Unseen (level 14, -2/99 (114) HPs)
             Began as a Demonspawn Fighter on July 26, 2022.
             Was a High Priest of Dithmenos.
             Killed by vampiric draining
             ... invoked by Josephine
              (15 damage)
             ... on level 4 of the Lair of Beasts.
             The game lasted 00:37:10 (27636 turns).

Tiamon the Unseen (Demonspawn Fighter)             Turns: 27636, Time: 00:37:11

HP:   -2/99 (114)   AC: 17    Str: 19    XL:     14   Next: 27%
MP:   0/14          EV: 13    Int: 10    God:    Dithmenos [*****.]
Gold: 1592          SH:  6    Dex: 15    Spells: 13/13 levels left

rFire   + . .      SeeInvis +   d - +7 Throatcutter {drain, coup de grace}
rCold   + . .      Faith    .   c - +1 buckler
rNeg    . . .      Spirit   +   p - +4 chain mail {rPois}
rPois   +          Reflect  .   (helmet unavailable)
rElec   .          Harm     .   D - scarf {rC+ rF+}
rCorr   .          Rampage  .   L - +1 pair of gloves
Will    +....                   m - +0 pair of boots
Stlth   +++++.....              H - amulet of guardian spirit
HPRegen 0.26/turn               g - ring of see invisible
MPRegen 0.14/turn               F - +4 ring of evasion

@: slowed, wreathed by umbra, heavily drained, very slow
A: claws 2, horns 3, spiny 1, weakness stinger 2
a: Renounce Religion, Shadow Step, Shadow Form


You were on level 4 of the Lair of Beasts.
You worshipped Dithmenos.
Dithmenos was extremely pleased with you.
You visited 3 branches of the dungeon, and saw 19 of its levels.
You also visited: Sewer and Ice Cave.

You collected 1592 gold pieces.

Inventory:

Hand Weapons
 a - a +1 rapier
 d - the +7 Throatcutter (weapon) {drain, coup de grace}
   (You took it off Terence on level 3 of the Dungeon)

   A truly terrible weapon, it drains the life of any living foe it strikes.
   It may instantly kill foes which have little health.
 M - the +8 shortbow "Ecuar" {flame, Contam Drain Dex+10}
   (You found it in an ice cave)

   Any ammunition fired from it burns those it strikes, dealing additional fire
   damage.
   Dex:       It affects your dexterity (+10).
   Contam:    It causes magical contamination when unequipped.
   Drain:     It drains your maximum health when unequipped.
Missiles
 q - a throwing net (quivered)
Armour
 c - a +1 buckler (worn)
 m - a +0 pair of boots (worn)
 p - a +4 chain mail of poison resistance (worn)
 D - a scarf of resistance (worn)
 L - a +1 pair of gloves (worn)
Jewellery
 g - a ring of see invisible (left hand)
 i - the ring of Lady Luck {rC+ Str+3}
   (You found it in an ice cave)

   [ring of protection from cold]

   Str:       It affects your strength (+3).
   rC:        It protects you from cold.
 y - a ring of ice
 F - a +4 ring of evasion (right hand)
 H - an amulet of guardian spirit (around neck)
 K - a ring of positive energy
Wands
 b - a wand of flame (34)
 u - a wand of digging (7)
 A - a wand of mindburst (19)
 B - a wand of charming (14)
 C - a wand of quicksilver (16)
 E - a wand of roots (14)
Scrolls
 f - a scroll of magic mapping
 j - 4 scrolls of blinking
 k - 4 scrolls of fear
 s - 3 scrolls of amnesia
 t - 5 scrolls of teleportation
 w - a scroll of butterflies
 z - 2 scrolls of silence
 G - 2 scrolls of enchant weapon
 J - 3 scrolls of summoning
Potions
 e - 4 potions of attraction
 h - 2 potions of flight
 l - 4 potions of brilliance
 n - a potion of degeneration
 o - 4 potions of curing
 r - a potion of ambrosia {unknown}
 v - 3 potions of resistance
 I - a potion of cancellation


   Skills:
 + Level 11.7 Fighting
 - Level 1.7(7.0) Short Blades
 * Level 10.6(10.7) Long Blades
 - Level 5.6 Armour
 - Level 4.7 Dodging
 * Level 15.6 Stealth
 - Level 5.6 Shields
 - Level 6.9 Unarmed Combat


You had 13 spell levels left.
You didn't know any spells.
Your spell library contained the following spells:

 Spells                   Type           Power      Damage    Failure   Level
 Apportation              Tloc           0%         N/A       99%         1
 Freeze                   Ice            0%         1d3       99%         1
 Magic Dart               Conj           0%         1d3       99%         1
 Necrotise                Necr           0%         1d4       99%         1
 Summon Small Mammal      Summ           0%         N/A       99%         1
 Blink                    Tloc           0%         N/A       100%        2
 Call Imp                 Summ           0%         N/A       100%        2
 Frozen Ramparts          Ice            0%         1d2       100%        3
 Gell's Gravitas          Tloc           0%         N/A       100%        3
 Lesser Beckoning         Tloc           0%         N/A       100%        3
 Mephitic Cloud           Conj/Pois/Air  0%         N/A       100%        3
 Ozocubu's Armour         Ice            0%         N/A       100%        3
 Teleport Other           Tloc           0%         N/A       100%        3
 Airstrike                Air            0%         0-1+      100%        4
 Corpse Rot               Necr/Pois/Air  0%         N/A       100%        4
 Dispel Undead            Necr           0%         3d6       100%        4
 Hailstorm                Conj/Ice       0%         3d3       100%        4
 Olgreb's Toxic Radiance  Pois           0%         N/A       100%        4
 Summon Lightning Spire   Summ/Air       0%         N/A       100%        4
 Lightning Bolt           Conj/Air       0%         1d11      100%        5
 Manifold Assault         Tloc           0%         N/A       100%        5
 Metabolic Englaciation   Hex/Ice        0%         N/A       100%        5
 Death Channel            Necr           0%         N/A       100%        6
 Simulacrum               Ice/Necr       0%         N/A       100%        6
 Ozocubu's Refrigeration  Ice            0%         4d5       100%        7
 Ignition                 Fire           0%         3d3       100%        8


Dungeon Overview and Level Annotations

Branches:
Dungeon (13/15)            Temple (1/1) D:4            Lair (5/5) D:11
  Swamp (0/4) Lair:3        Snake (0/4) Lair:2        Sewer (visited)
  IceCv (visited)
  Slime: Lair:4-5       Orc: D:9-12      Vaults: D:13-14

Altars:
Ashenzari
Cheibriados
Dithmenos
Fedhas
Gozag
Hepliaklqana
Kikubaaqudgha
Makhleb
Nemelex Xobeh
Okawaru
Qazlal
Ru
Sif Muna
Trog
Uskayaw
Vehumet
Wu Jian
Xom
Yredelemnul

Shops:
D:2 :   D:4 ?   D:8 [   D:9 :

Annotations:
Lair:2 exclusion: oklob plant
Lair:4 Josephine


Innate Abilities, Weirdness & Mutations

You have very sharp fingernails.
You have a pair of large horns on your head.
You are partially covered in sharp spines.
You have a tail ending in a sharp stinger.


Message History

The wraith is struck by your spines. The wraith completely misses you.
You slash the wraith!
You destroy the wraith!
Dithmenos accepts your kill.
Josephine points at you and mumbles some strange words.
The ghostly flame explodes!
The ghostly fireball engulfs you!!
You feel drained.
* * * LOW HITPOINT WARNING * * *
The ghostly fireball engulfs Josephine.
Josephine completely resists.
The ghostly fireball engulfs the wraith.
The wraith completely resists.
The wraith hits you but does no damage.
You feel better. Josephine completely misses you. The wraith barely misses you.
You slash the wraith!
You behead the wraith!
You destroy the wraith!
Dithmenos accepts your kill. Josephine is struck by your spines.
Josephine hits you with a +0 dagger.
* * * LOW HITPOINT WARNING * * *
Josephine hits you but does no damage.
Unknown command.
You slash Josephine!
You headbutt Josephine, but do no damage.
Your tail-slap misses Josephine.
Josephine is almost dead.
You block Josephine's attack.
You barely miss Josephine.
Josephine is almost dead.
Josephine draws life force from you!!
* * * LOW HITPOINT WARNING * * *
Josephine is healed by the life force!
You barely miss Josephine. You tail-slap Josephine!
Josephine is severely wounded.
Josephine hits you with a +0 dagger.
* * * LOW HITPOINT WARNING * * *
You block Josephine's attack.
Unknown command.
You feel better. Josephine barely misses you.
You slash Josephine!
Josephine is almost dead.
Josephine draws life force from you!
You die...

....#..##..............### #P...
.........##..⌠..<..⌠..#.# ##...
P..........#.....)...#### ##...
#....##....##...⌠...#.# #..#.
....###..####......##.#######.#..
....# #....#..##+.##..P#.#..P....
....###P#....##...##.............
.P.P..####...#.....##...#######..
........##..#.⌠.@.⌠#..### #..
...#.........#.@...#..# ###..
.###.........##.⌠..#..#### #....
.##............#####.....# ###...
#......#........#P#...##.###.#...
#..##.....#..........####........
...P##....##...#.###.# ##...#.#P
.....#...###...### ### #..######
.#...##...#.".#.# ### #..P#


You could see Josephine.

Vanquished Creatures
  Gastronok (Lair:3)
  A frost giant (IceCv)
  2 boulder beetles (D:11)
  2 hydras
  3 two-headed ogres
  A catoblepas (Lair:2)
  3 death yaks (IceCv)
  Nergalle (Lair:3)
  2 bog bodies (Lair:3)
  Pikel (D:7)
  2 cyclopes
  2 manticores
  18 elephants
  4 black mambas
  An ice statue (IceCv)
  An eye of devastation (Lair:4)
  11 cane toads
  A gargoyle (D:12)
  4 rime drakes
  An unseen horror (D:12)
  5 komodo dragons
  A yaktaur (D:11)
  Prince Ribbit (D:5)
  A troll (D:7)
  25 blink frogs
  3 hornets
  11 polar bears (IceCv)
  A slime creature (D:13)
  2 vampires
  6 wyverns
  5 wraiths (Lair:4)
  57 yaks
  A shadow (D:11)
  A naga (Lair:2)
  A swamp worm (Lair:3)
  16 water moccasins
  5 orc warriors
  Pargi (D:4)
  A sky beast (D:7)
  3 black bears
  22 wolves
  4 centaurs
  Blork the orc (D:5)
  A kobold brigand (D:7)
  A necrophage (D:6)
  14 bullfrogs
  3 scorpions
  6 killer bees (D:9)
  3 electric eels
  8 orc priests
  3 gnoll boudas
  4 hounds
  8 jellies
  2 iguanas (D:5)
  Ijyb (D:5)
  Terence (D:3)
  6 orc wizards
  9 hell rats
  11 gnolls
  7 river rats
  17 adders
  A shadow imp (D:6)
  2 white imps
  An ufetubus (D:7)
  2 worms
  3 dart slugs
  31 orcs
  11 ball pythons
  9 bats
  21 endoplasms
  13 giant cockroaches
  6 hobgoblins
  2 jackals (D:5)
  15 kobolds
  13 quokkas
  15 frilled lizards
  6 goblins
  10 rats
502 creatures vanquished.

Vanquished Creatures (others)
  An angel (D:7)
  63 fungi
  70 plants
134 creatures vanquished.

Grand Total: 636 creatures vanquished

Notes
Turn   | Place    | Note
-------+----------+-------------------------------------------
     0 | D:1      | Tiamon the Demonspawn Fighter began the quest for the Orb.
     0 | D:1      | Reached XP level 1. HP: 18/18 MP: 1/1
   575 | D:1      | Discovered your monstrous ancestry.
   575 | D:1      | Gained mutation: You have a pair of small horns on your
                  | head. [demonic ancestry]
   575 | D:1      | Reached XP level 2. HP: 23/24 MP: 2/2
   849 | D:1      | Reached skill level 1 in Dodging
  1276 | D:2      | Reached XP level 3. HP: 15/29 MP: 3/3
  1773 | D:2      | Found a faded altar of an unknown god.
  1776 | D:2      | Found Mimpiel's Book Shoppe.
  2599 | D:3      | Gained mutation: You have a small tail. [demonic ancestry]
  2599 | D:3      | Reached XP level 4. HP: 35/35 MP: 4/4
  2648 | D:3      | Found a glowing drain.
  2655 | Sewer    | Entered a sewer
  3177 | Sewer    | Reached XP level 5. HP: 23/41 MP: 5/5
  3959 | D:3      | Identified the +5 hand axe of Slime {chaos, rC+ rN+}
  4394 | D:3      | Reached XP level 6. HP: 47/47 MP: 6/6
  4872 | D:3      | Noticed Terence
  4948 | D:4      | Noticed Pargi
  5275 | D:4      | Found a staircase to the Ecumenical Temple.
  5287 | Temple   | Entered the Ecumenical Temple
  5460 | D:4      | Killed Pargi
  5461 | D:4      | Gained mutation: You have a pair of horns on your head.
                  | [demonic ancestry]
  5461 | D:4      | Reached XP level 7. HP: 33/52 MP: 7/7
  5618 | D:4      | Found an ornate altar of the Wu Jian Council.
  5656 | D:4      | Found Ludehesi's Magic Scroll Boutique.
  5821 | D:3      | Killed Terence
  6805 | D:5      | Entered Level 5 of the Dungeon
  6853 | D:5      | Noticed Ijyb
  6901 | D:5      | Killed Ijyb
  6910 | D:5      | Noticed Blork the orc
  6918 | D:5      | Killed Blork the orc
  6919 | D:5      | Reached skill level 5 in Armour
  6919 | D:5      | Reached skill level 5 in Shields
  7506 | D:5      | Noticed Prince Ribbit
  7519 | D:5      | Killed Prince Ribbit
  7520 | D:5      | Gained mutation: You are partially covered in sharp spines.
                  | [demonic ancestry]
  7520 | D:5      | Reached XP level 8. HP: 36/58 MP: 8/8
  7971 | Temple   | Became a worshipper of Dithmenos the Shadowed
  8153 | D:5      | Reached skill level 1 in Stealth
  8567 | D:6      | Reached skill level 1 in Unarmed Combat
  8724 | D:6      | Reached skill level 2 in Stealth
  9308 | D:7      | Reached skill level 3 in Stealth
  9612 | D:7      | Noticed Pikel
  9622 | D:7      | Killed Pikel
  9623 | D:7      | Reached skill level 5 in Stealth
  9623 | D:7      | Gained mutation: You have sharp fingernails. [demonic
                  | ancestry]
  9623 | D:7      | Reached XP level 9. HP: 66/66 MP: 9/9
  9629 | D:7      | Found a shimmering altar of Xom.
  9631 | D:7      | Reached * piety under Dithmenos
  9632 | D:7      | Noticed a troll
  9654 | D:7      | Killed a troll
  9655 | D:7      | Reached skill level 5 in Fighting
  9694 | D:7      | Noticed an angel
  9818 | D:7      | Found an opulent altar of Gozag.
  9818 | D:7      | Found a shimmering blue altar of Sif Muna.
  9821 | D:7      | Found a stormy altar of Qazlal.
 10105 | D:8      | Found Jitt's Antique Armour Shop.
 10286 | D:8      | Reached skill level 6 in Stealth
 10455 | D:7      | Killed an angel
 10918 | D:8      | Found a sacrificial altar of Ru.
 11010 | D:8      | Found a faded altar of an unknown god.
 11010 | D:8      | Found a hazy altar of Hepliaklqana.
 11012 | D:8      | Found a faded altar of an unknown god.
 11311 | D:8      | Reached skill level 7 in Stealth
 11489 | D:9      | Gained mutation: You have a tail ending in a sharp stinger.
                  | [demonic ancestry]
 11489 | D:9      | Reached XP level 10. HP: 49/76 MP: 10/10
 12017 | D:9      | Reached skill level 5 in Unarmed Combat
 12020 | D:9      | Reached skill level 8 in Stealth
 12022 | D:9      | Reached ** piety under Dithmenos
 12135 | D:9      | Noticed a two-headed ogre
 12603 | D:9      | Killed a two-headed ogre
 12985 | D:9      | Found a bloodstained altar of Trog.
 13265 | D:9      | Found Vuitruit's Book Shop.
 13480 | D:10     | Entered Level 10 of the Dungeon
 13607 | D:9      | Reached skill level 9 in Stealth
 14417 | D:11     | Noticed a boulder beetle
 14417 | D:11     | Noticed a boulder beetle
 14559 | D:11     | Noticed a manticore
 14687 | D:11     | Found a staircase to the Lair.
 14713 | D:11     | Reached skill level 10 in Stealth
 14716 | D:11     | Gained mutation: You have a pair of large horns on your
                  | head. [demonic ancestry]
 14716 | D:11     | Reached XP level 11. HP: 65/85 MP: 9/11
 15066 | D:11     | Killed a boulder beetle
 15562 | D:11     | Noticed a two-headed ogre
 15856 | D:11     | You fall into a shaft and drop 2 floors!
 16393 | D:12     | Reached skill level 11 in Stealth
 16397 | D:12     | Reached skill level 1 in Long Blades
 16430 | D:12     | Noticed a two-headed ogre
 16559 | D:12     | Killed a two-headed ogre
 16942 | D:11     | Killed a two-headed ogre
 17388 | D:11     | Reached *** piety under Dithmenos
 17695 | D:11     | Killed a boulder beetle
 17696 | D:11     | Reached skill level 12 in Stealth
 17696 | D:11     | Reached XP level 12. HP: 33/95 MP: 5/12
 18145 | Lair:1   | Entered Level 1 of the Lair of Beasts
 18145 | Lair:1   | Found a stormy altar of Qazlal.
 18213 | Lair:1   | Noticed an eight-headed hydra
 18219 | Lair:1   | Killed a one-headed hydra
 18330 | Lair:1   | Reached skill level 5 in Long Blades
 19958 | Lair:1   | Reached **** piety under Dithmenos
 19960 | Lair:1   | Reached skill level 13 in Stealth
 19971 | Lair:2   | Found a staircase to the Snake Pit.
 20282 | Lair:2   | Reached skill level 10 in Fighting
 21335 | Lair:2   | Noticed a four-headed hydra
 21349 | Lair:2   | Killed a one-headed hydra
 21880 | Lair:3   | Found a frozen archway.
 21890 | IceCv    | Entered an ice cave
 21915 | IceCv    | Gained mutation: You have very sharp fingernails. [demonic
                  | ancestry]
 21915 | IceCv    | Reached XP level 13. HP: 102/103 MP: 11/13
 22369 | IceCv    | Reached skill level 14 in Stealth
 22390 | IceCv    | Reached ***** piety under Dithmenos
 23007 | IceCv    | Noticed a frost giant
 23035 | IceCv    | Killed a frost giant
 23395 | IceCv    | Identified the +8 shortbow "Ecuar" {flame, Contam Drain
                  | Dex+10}
 23396 | IceCv    | Identified the ring of Lady Luck {rC+ Str+3}
 23583 | Lair:3   | Noticed Nergalle
 23596 | Lair:3   | Killed Nergalle
 24606 | Lair:3   | Noticed Gastronok
 24634 | Lair:3   | Killed Gastronok
 24964 | Lair:3   | Reached skill level 15 in Stealth
 25319 | Lair:3   | Reached skill level 10 in Long Blades
 25533 | Lair:3   | Found a staircase to the Swamp.
 25541 | Lair:3   | Reached XP level 14. HP: 79/113 MP: 9/14
 27179 | Lair:5   | Entered Level 5 of the Lair of Beasts
 27181 | Lair:5   | Noticed Josephine
 27633 | Lair:4   | HP: 3/99 [Josephine/vampiric draining (19)]
 27636 | Lair:4   | Killed from afar by Josephine

Illustrated notes

Levels and vault maps discovered:
D:1:      nzn_arrival_depleted_hourglass, layout_basic
D:2:      layout_loops_ring, ebering_ecumenical_altar_petrified, serial_shops,
          nicolae_square_shop, serial_rivers, chequers_serial_rivers_micro_e,
          chequers_serial_rivers_micro_c, chequers_serial_rivers_micro_e,
          chequers_serial_rivers_large_b, chequers_garden,
          chequers_hall_statues_y
D:3:      layout_basic, serial_rivers, chequers_serial_rivers_small_3,
          chequers_serial_rivers_room_b, chequers_serial_rivers_large_a,
          chequers_serial_rivers_small_a, chequers_serial_rivers_room_b,
          gup_sewer_entry_bubbles, minmay_divided_ellipse, uniq_terence
D:4:      layout_layer_cave, nicolae_wu_jian_immortal_techniques,
          minmay_temple_entry_large_hall, serial_shops, shop, uniq_pargi
D:5:      layout_layer_cave, uniq_blork_the_orc, uniq_ijyb, uniq_prince_ribbit1
D:6:      layout_basic, minivault_5
D:7:      layout_cave_pools, grunt_temple_overflow_order_and_chaos_1,
          minitemple, minmay_misc_feat_chi, hangedman_decor_peaks_small,
          moated_statue, uniq_pikel
D:8:      layout_cave_pools, nicolae_ru_sacrificial_ziggurat,
          nicolae_hepliaklqana_ecumenical_no_more, serial_shops,
          nicolae_shop_trees, serial_rivers, chequers_serial_rivers_small_3,
          chequers_serial_rivers_micro_a, chequers_serial_rivers_room_a,
          chequers_serial_rivers_room_a, chequers_serial_rivers_small_b,
          kennysheep_doodads
D:9:      layout_irregular_city, general_overflow_altar, serial_shops,
          nicolae_shop_behind_doors, serial_co_window_serial, co_window_paths_a,
          co_window_corner_a, co_window_of_opportunity_a, co_window_paths_b,
          co_window_paths_b, co_window_of_opportunity_a, co_window_corner_a,
          co_window_corner_cb, co_window_broadway_b, co_window_corner_ca,
          co_window_corner_b, co_window_of_opportunity_b, co_window_broadway_b,
          glass_columns_b, glass_columns_a, glass_columns_b
D:10:     layout_gridville
D:11:     minmay_goldmine, layout_irregular_city, due_lair_maze_entry_diamond,
          minmay_diamond_spiral
D:12:     layout_loops_ring, orc_0_dummy, zin_academy, uniq_snorg
D:13:     minmay_expanding_circles, layout_irregular_city,
          kennysheep_generic_room_2
Temple:   hellmonk_temple_forest_ring
Lair:1:   layout_regular_city, basic_altar, minivault_23,
          kennysheep_abandoned_house, grunt_megastairs_5
Lair:2:   lemuel_slime, layout_hall_layers, guppyfry_snake_entry_garden
Lair:3:   layout_loops_ring, nicolae_swamp_entry_splash_gauntlet,
          portal_ice_cave_entry_pillars_1, uniq_gastronok, uniq_nergalle
Lair:4:   layout_cave_shapes, serial_bayou_shore_a, infiniplex_staircase_pool_2,
          grunt_megastairs_3
Lair:5:   minmay_lair_end_frog_pond, layout_loops_ring, minmay_slime_entry_eyes,
          uniq_josephine

Skill      XL: |  1  2  3  4  5  6  7  8  9 10 11 12 13 |
---------------+----------------------------------------+-----
Armour         | 3 4 5 |  5.6
Shields        | 3 4 5 |  5.6
Dodging        | 1 2 3 4 |  4.7
Stealth        | 5 7 10 12 13 15 | 15.6
Unarmed Combat | 3 4 6 |  6.9
Fighting       | 4 6 7 9 10 11 | 11.7
Long Blades    | 4 7 10 | 10.6
Short Blades   | |  1.7

Action                   |  1- 3 |  4- 6 |  7- 9 | 10-12 | 13-15 || total
-------------------------+-------+-------+-------+-------+-------++-------
Melee: Rapier            |   129 |   300 |    14 |       |       ||   443
       Headbutt          |    14 |    43 |    23 |   112 |   118 ||   310
       Tailslap          |       |    31 |    15 |    90 |    88 ||   224
       Long sword        |       |       |   149 |   455 |   433 ||  1037
  Use: Scroll            |     8 |     5 |     6 |     9 |     3 ||    31
       Potion            |       |     4 |     1 |     3 |     7 ||    15
 Stab: Sleeping          |       |       |       |     5 |     8 ||    13
       Distracted        |       |       |       |     1 |     2 ||     3
Armor: Leather armour    |    45 |    26 |       |       |       ||    71
       Scale mail        |       |    94 |     2 |       |       ||    96
       Skin              |       |    25 |       |       |       ||    25
       Chain mail        |       |       |    76 |   204 |   186 ||   466
Dodge: Dodged            |    68 |   165 |   101 |   381 |   271 ||   986
Block: Buckler           |    27 |    71 |    63 |   183 |   137 ||   481

Table legend: (Time is in decaauts)
 A = Elapsed time spent in this place.
 B = Non-inter-level travel time spent in this place.
 C = Inter-level travel time spent in this place.
 D = Time resting spent in this place.
 E = Time spent auto-exploring this place.
 F = Levels seen in this place.
 G = Mean time per level.
                   A        B        C        D        E       F      G
               +--------+--------+--------+--------+--------+-----+--------+
         Total |  28142 |  27393 |    749 |  11782 |  10107 |  21 | 1340.1 |
       Dungeon |  16908 |  16348 |    560 |   5677 |   7372 |  13 | 1300.6 |
        Temple |    308 |    250 |     58 |     98 |    131 |   1 |  308.0 |
          Lair |   7874 |   7744 |    130 |   4262 |   2230 |   5 | 1574.8 |
         Sewer |   1352 |   1352 |      0 |    753 |    166 |   1 | 1352.0 |
      Ice Cave |   1698 |   1698 |      0 |    992 |    207 |   1 | 1698.0 |
               +--------+--------+--------+--------+--------+-----+--------+

Top non-repeatable levels by time:
    D:11: 2451 daAuts
  Lair:1: 2417 daAuts
  Lair:3: 2056 daAuts
     D:9: 1878 daAuts
     D:3: 1859 daAuts
  Lair:2: 1707 daAuts
   IceCv: 1698 daAuts
  Lair:4: 1661 daAuts
     D:5: 1578 daAuts
   Sewer: 1352 daAuts
     D:1: 1263 daAuts
     D:7: 1254 daAuts
     D:2: 1252 daAuts
     D:8: 1245 daAuts
     D:4: 1117 daAuts
